 Dungeon Crawl Stone Soup version 0.20.0-8-g6b59dc7 (webtiles) character file.

5693 stringdemon the Martial Artist (level 10, -1/54 HPs)
             Began as a Vine Stalker Transmuter on May 30, 2017.
             Was a Believer of Vehumet.
             Slain by a wight
             ... wielding a +1 scimitar
              (3 damage)
             ... on level 9 of the Dungeon.
             The game lasted 00:35:26 (6834 turns).

stringdemon the Martial Artist (VSTm)               Turns: 6834, Time: 00:35:27

Health: -1/54      AC:  6    Str: 12    XL:     10   Next: 76%
Magic:  0/18       EV: 12    Int: 16    God:    Vehumet [**....]
Gold:   449        SH:  0    Dex: 16    Spells: 5/19 levels left

rFire    + . .     SeeInvis .     - Unarmed
rCold    + + +     Gourm    .   (shield currently unavailable)
rNeg     . . .     Faith    .   (armour currently unavailable)
rPois    +         Spirit   +   (helmet currently unavailable)
rElec    .         Reflect  .   (cloak currently unavailable)
rCorr    .         Harm     .   (gloves currently unavailable)
MR       +....                  (boots currently unavailable)
Stlth    +.........             (no amulet)
Regen    0.6/turn               u - ring of protection from fire
MPRegen  0.2/turn               A - ring of protection from fire

@: ice-form, drained
A: regeneration 1, magic shield, no potion heal 3, rot immunity
a: End Transformation, Renounce Religion


You were on level 9 of the Dungeon.
You worshipped Vehumet.
Vehumet was pleased with you.
You were not hungry.
You were a creature of crystalline ice.
You visited 2 branches of the dungeon, and saw 11 of its levels.

You collected 449 gold pieces.

Inventory:

Missiles
 a - 124 arrows
Armour
 e - a +2 leather armour of fire resistance (melded)
 r - a +1 helmet (melded)
 x - a +0 pair of gloves (melded)
Jewellery
 u - a ring of protection from fire (left front paw)
 A - a ring of protection from fire (right front paw)
Wands
 w - a wand of clouds (7/9)
 D - a wand of flame (24/48)
Scrolls
 b - 2 scrolls of recharging
 g - a scroll of noise {unknown}
 i - 3 scrolls of remove curse
 l - 3 scrolls of teleportation
 o - a scroll of fear {unknown}
 y - 2 scrolls of vulnerability {unknown}
 z - 3 scrolls of amnesia
 F - a scroll of acquirement {unknown}
 H - a scroll of enchant armour {unknown}
Potions
 k - 3 potions of curing
 m - a potion of magic {unknown}
 p - a potion of haste {unknown}
 q - 2 potions of mutation {unknown}
 s - 3 potions of flight
 t - 2 potions of agility {unknown}
 v - 2 potions of brilliance {unknown}
 B - a potion of lignification {unknown}
 G - a potion of invisibility {unknown}
Books
 c - a book of Changes

   Spells                             Type                      Level
   a - Beastly Appendage              Transmutation                1
   b - Sticks to Snakes               Transmutation                2
   c - Spider Form                    Transmutation/Poison         3
   d - Ice Form                       Ice/Transmutation            4
   e - Blade Hands                    Transmutation                5
 E - a book of Minor Magic

   Spells                             Type                      Level
   a - Magic Dart                     Conjuration                  1
   b - Blink                          Translocation                2
   c - Call Imp                       Summoning                    2
   d - Slow                           Hexes                        2
   e - Conjure Flame                  Conjuration/Fire             3
   f - Mephitic Cloud                 Conjuration/Poison/Air       3
Comestibles
 d - 2 bread rations
 f - 3 fruits
 j - 6 chunks of flesh


   Skills:
 - Level 1.0(0.7) Fighting
 + Level 3.8(3.5) Dodging
 + Level 11.6(11.2) Unarmed Combat
 - Level 5.0(4.7) Spellcasting
 - Level 2.2(1.8) Translocations
 * Level 8.4(8.0) Transmutations
 - Level 2.2(1.9) Ice Magic


You had 5 spell levels left.
You knew the following spells:

 Your Spells              Type           Power        Failure   Level  Hunger
a - Beastly Appendage     Tmut           ####..       1%          1    None
b - Blink                 Tloc           N/A          11%         2    ##.....
c - Blade Hands           Tmut           ####......   16%         5    ######.
d - Ice Form              Ice/Tmut       ###.....     21%         4    ####...
e - Sticks to Snakes      Tmut           ####....     1%          2    ##.....


Dungeon Overview and Level Annotations

Branches:
Dungeon (10/15)            Temple (1/1) D:4
   Lair: D:8-11         Orc: D:9-12

Altars:
Ashenzari
Elyvilon
Fedhas
Gozag
Hepliaklqana
Uskayaw
Vehumet
Xom
Yredelemnul
Zin

Shops:
D:2 *   D:10 %

Annotations:
D:10 Erolcha


Innate Abilities, Weirdness & Mutations

((You have razor-sharp teeth.))
Your natural rate of healing is unusually fast.
When hurt, damage is shared between your health and your magic reserves.
((Your bite disrupts and absorbs the magic of your enemies.))
Potions cannot restore your health.
You are immune to rotting.


Message History

Vehumet accepts your kill.
Your surroundings suddenly seem different.
A komodo dragon comes into view.
The komodo dragon hisses angrily.
The wight barely misses you.
Found a scroll of teleportation.
Found an escape hatch in the ceiling.
A troll and a wight come into view.
The wight is wielding a mace of freezing.
Casting: Blade Hands
Confirm with . or Enter, or press ? or * to list all spells.
You turn into a creature of crystalline ice.
Your +1 helmet melds into your body.
Your +0 pair of gloves melds into your body.
Your +2 leather armour of fire resistance melds into your body.
You feel less resistant to fire.
The troll shouts!
The wight hits you with an enchanted scimitar!
* * * LOW HITPOINT WARNING * * *
You feel drained.
You die...

.........
.........
.........
.........
.........
......###
....... ##
#####
##...##...##
#......Y...#
..l....z.....#
........z...##
.......z....#
#...?.........
##<..##...##T.P
#### ##### ...
..


You could see a komodo dragon, a troll and 3 wights.

Vanquished Creatures
  Harold (D:10)
  2 unseen horrors (D:10)
  A centaur zombie (D:10)
  A troll (D:9)
  Grinder (D:5)
  A hippogriff (D:10)
  A yak (D:8)
  2 ice beasts
  4 sky beasts
  2 orc warriors
  A phantom (D:4)
  3 centaurs
  4 ogres
  A crocodile (D:9)
  A big kobold (D:8)
  4 bullfrogs
  A gnoll sergeant (D:9)
  5 scorpions
  A wight (D:8)
  5 crimson imps
  3 hounds
  A quasit (D:9)
  An orc priest (D:10)
  A jelly (D:5)
  4 worker ants
  A killer bee zombie (D:10)
  A hound skeleton (D:5)
  8 gnolls
  13 adders
  A shadow imp (D:7)
  An adder skeleton (D:5)
  An adder zombie (D:8)
  A worm (D:4)
  2 dart slugs
  6 leopard geckos
  16 orcs
  6 bats
  6 giant cockroaches
  11 goblins
  10 hobgoblins
  6 jackals
  3 quokkas
  2 ball pythons
  2 frilled lizards
  13 kobolds
  A leopard gecko skeleton (D:5)
  7 rats
170 creatures vanquished.

Vanquished Creatures (others)
  A plant (D:9)
1 creature vanquished.

Grand Total: 171 creatures vanquished

Notes
Turn   | Place    | Note
-------+----------+-------------------------------------------
     0 | D:1      | stringdemon the Vine Stalker Transmuter began the quest for the Orb.
     0 | D:1      | Reached XP level 1. HP: 9/9 MP: 4/4
   211 | D:1      | Reached XP level 2. HP: 14/14 MP: 6/6
   869 | D:2      | Found a faded altar of an unknown god.
   877 | D:2      | Reached skill level 4 in Unarmed Combat
   893 | D:2      | Reached XP level 3. HP: 17/17 MP: 5/7
  1147 | D:2      | Found a hazy altar of Hepliaklqana.
  1514 | D:2      | Gained mutation: Your natural rate of healing is unusually fast. [Vine Stalker growth]
  1514 | D:2      | Reached XP level 4. HP: 5/21 MP: 4/8
  1624 | D:2      | Found Zin's Purification Station.
  1628 | D:2      | Found a glowing silver altar of Zin.
  1833 | D:2      | Found a shimmering altar of Xom.
  2014 | D:3      | Reached skill level 5 in Unarmed Combat
  2049 | D:3      | Reached XP level 5. HP: 25/25 MP: 9/9
  2577 | D:4      | Learned a level 5 spell: Blade Hands
  2580 | D:4      | Learned a level 2 spell: Sticks to Snakes
  2581 | D:4      | Found a staircase to the Ecumenical Temple.
  2591 | Temple   | Entered the Ecumenical Temple
  2595 | Temple   | Became a worshipper of Vehumet
  2770 | D:4      | Noticed an ogre
  2781 | D:4      | Killed an ogre
  2781 | D:4      | Reached skill level 6 in Unarmed Combat
  2781 | D:4      | Reached XP level 6. HP: 29/29 MP: 10/10
  2878 | D:5      | Entered Level 5 of the Dungeon
  2931 | D:5      | Found a basalt altar of Yredelemnul.
  3019 | D:5      | Noticed a sky beast
  3027 | D:5      | Killed a sky beast
  3027 | D:5      | Reached XP level 7. HP: 28/32 MP: 9/11
  3064 | D:5      | Reached skill level 7 in Unarmed Combat
  3127 | D:5      | Noticed Grinder
  3214 | D:4      | Noticed a dagger
  3215 | D:4      | Noticed a dagger
  3216 | D:4      | Found a hide-covered altar of Uskayaw.
  3629 | D:5      | Killed Grinder
  3629 | D:5      | Reached skill level 8 in Unarmed Combat
  3629 | D:5      | Reached skill level 5 in Transmutations
  3629 | D:5      | Gained mutation: You have razor-sharp teeth. [Vine Stalker growth]
  3629 | D:5      | Reached XP level 8. HP: 23/37 MP: 3/12
  3706 | D:5      | Got a twisted ring mail
  3718 | D:5      | Identified the +3 ring mail "Byllao" {MP+9 Str-3 Dex+9 Slay-4} (You found it on level 5 of the Dungeon)
  3750 | D:5      | Reached * piety under Vehumet
  3750 | D:5      | Offered knowledge of Sting by Vehumet.
  3814 | D:5      | Reached skill level 1 in Fighting
  3821 | D:5      | Found a blossoming altar of Fedhas.
  4738 | D:6      | Reached skill level 9 in Unarmed Combat
  5026 | D:7      | Learned a level 4 spell: Ice Form
  5260 | D:8      | Reached skill level 1 in Ice Magic
  5364 | D:8      | Found a shattered altar of Ashenzari.
  5403 | D:8      | Reached XP level 9. HP: 34/41 MP: 14/14
  5422 | D:8      | Learned a level 2 spell: Blink
  5461 | D:8      | Reached skill level 1 in Translocations
  5466 | D:8      | Noticed a manticore
  5694 | D:8      | Reached skill level 10 in Unarmed Combat
  5715 | D:8      | Noticed a two-headed ogre
  5716 | D:8      | Noticed a centaur warrior
  5840 | D:9      | Offered knowledge of Throw Frost by Vehumet.
  5851 | D:9      | Noticed a troll
  5875 | D:10     | Entered Level 10 of the Dungeon
  5928 | D:10     | Killed an unseen horror
  6015 | D:10     | Noticed Harold
  6048 | D:10     | Killed Harold
  6048 | D:10     | Reached ** piety under Vehumet
  6048 | D:10     | Reached XP level 10. HP: 29/45 MP: 15/17
  6113 | D:10     | Found Sowuocs's Food Boutique.
  6208 | D:10     | Reached skill level 11 in Unarmed Combat
  6275 | D:10     | Killed an unseen horror
  6443 | D:10     | Reached skill level 5 in Spellcasting
  6559 | D:10     | Noticed Erolcha
  6630 | D:9      | Offered knowledge of Stone Arrow by Vehumet.
  6808 | D:9      | Found a white marble altar of Elyvilon.
  6834 | D:9      | HP: 2/54 [wight/enchanted scimitar (8)]
  6834 | D:9      | Slain by a wight

Skill      XL: |  1  2  3  4  5  6  7  8  9 10 |
---------------+-------------------------------+-----
Unarmed Combat | 4 5 6 8 9 10 11 | 11.6
Transmutations | 3 4 5 7 8 |  8.4
Fighting       | 1 |  1.0
Spellcasting   | 3 4 5 |  5.0
Ice Magic      | 2 |  2.2
Translocations | 2 |  2.2
Dodging        | 3 |  3.8

Action                   |  1- 3 |  4- 6 |  7- 9 | 10-12 || total
-------------------------+-------+-------+-------+-------++-------
Melee: Unarmed           |    99 |   158 |   233 |    95 ||   585
       Bite              |    25 |    38 |    61 |    24 ||   148
       Headbutt          |     8 |    11 |       |       ||    19
       Kick              |    16 |    25 |    50 |     8 ||    99
       Punch             |     1 |     7 |     8 |     6 ||    22
 Cast: Beastly Appendage |    21 |    23 |    32 |    10 ||    86
       Sticks to Snakes  |       |     1 |     1 |       ||     2
       Blade Hands       |       |       |     2 |     5 ||     7
       Ice Form          |       |       |       |     1 ||     1
Evoke: Wand              |       |       |       |     3 ||     3
  Use: Scroll            |       |     5 |     2 |     6 ||    13
       Potion            |       |       |     2 |       ||     2
 Stab: Sleeping          |     2 |       |       |       ||     2
  Eat: Fruit             |     2 |       |     2 |       ||     4
       Chunk             |     1 |     5 |     5 |     5 ||    16
       Bread ration      |       |       |     1 |       ||     1
Armor: Robe              |    15 |     5 |       |       ||    20
       Leather armour    |       |    21 |    72 |    28 ||   121
Dodge: Dodged            |    55 |    84 |   144 |    77 ||   360
